Match 45542069
Unlisted

Match 45542069
End
Construct Infanterie Kompanie
Selects Breakthrough Battlegroup
Selects Assault Grenadiers
Grenadier Squad
MG 42 Machine Gun Team
Medical Station
Grenadier Squad
Sniper
Construct Luftwaffe Kompanie
Selects 2.5-tonne Cargo Truck
Support Elements
2.5-tonne Cargo Truck
Wirbelwind Flakpanzer
2.5-tonne Cargo Truck
Construct Panzer Kompanie
Selects Smoke Bombing Run
Selects Incendiary Bombing Run
Pioneer Squad
Stoßtruppen Squad
Incendiary Bombing Run
Panzer IV Medium Tank
Smoke Bombing Run
Incendiary Bombing Run
Stoßtruppen Squad
Pioneer Squad
Selects Blitzkrieg
Smoke Bombing Run
Panzer IV Medium Tank
Incendiary Bombing Run
Sturmpanzer IV Brummbär
Smoke Bombing Run
Incendiary Bombing Run
Selects Tiger Heavy Tank
Tiger Heavy Tank
Smoke Bombing Run
Incendiary Bombing Run
Panzer IV Medium Tank
Panzer IV Medium Tank
Smoke Bombing Run
Man in search of truth
TEJAVA_Mint_Choco
Dark Lord Cthulhu
MrZiehr
Elvis Aaron Presley
Suwak
kingweef
Mexidankus Bartholemewl
0
0

Comments sign in to comment!

No comments posted yet!